 Dungeon Crawl Stone Soup version 0.26.0-9-gab577f9fc5 (webtiles) character file.

Game seed: 3557038556152351128

115638 Kejsarherre the Transmogrifier (level 16, -1/99 HPs)
             Began as a Barachi Necromancer on Jan 13, 2021.
             Was the Champion of Kikubaaqudgha.
             Slain by a hornet (2 damage)
             ... while paralysed by a hornet
             ... on level 2 of the Swamp.
             The game lasted 02:56:05 (43007 turns).

Kejsarherre the Transmogrifier (BaNe)              Turns: 43007, Time: 02:56:06

Health: -1/99      AC:  8    Str: 10    XL:     16   Next: 69%
Magic:  1/32       EV:  2    Int: 31    God:    Kikubaaqudgha [******]
Gold:   1577       SH:  0    Dex: 16    Spells: 4/39 levels left

rFire    + + .     SeeInvis +   f - +1 demon whip (elec)
rCold    + + +     Faith    .   A - +2 buckler "Letisyih" {rC++ Slay+2}
rNeg     . . .     Spirit   .   o - +2 robe {rC+ rF+}
rPois    +         Reflect  +   B - +1 helmet {SInv}
rElec    +         Harm     .   H - scarf {repulsion}
rCorr    .         Rampage  .   J - +0 pair of gloves
Will     ++...                  d - +0 pair of boots
Stlth    +++.......             Y - amulet of reflection
HPRegen  0.26/turn              K - +6 ring of intelligence
MPRegen  0.23/turn              C - ring of Botecub {rElec rPois rF+ Int+2 Stlth+}

@: paralysed, can't hop, slowed, repel missiles, slow
A: +LOS, swims, agile 2, frail 1, strong-willed 1, slowness 1, evolution 1, no
potion heal 1, strong legs 2
a: Hop, Renounce Religion, Receive Corpses, Torment


You were on level 2 of the Swamp.
You worshipped Kikubaaqudgha.
Kikubaaqudgha was exalted by your worship.
You visited 5 branches of the dungeon, and saw 26 of its levels.
You also visited: Bailey and Ice Cave.

You collected 3377 gold pieces.
You spent 1800 gold pieces at shops.

Inventory:

Hand Weapons
 f - a +1 demon whip of electrocution (weapon)
Armour
 d - a +0 pair of boots (worn)
 o - a +2 robe of resistance (worn)
 A - the +2 buckler "Letisyih" (worn) {rC++ Slay+2}
   (You took it off a wight on level 7 of the Dungeon)

   It affects your accuracy and damage with ranged weapons and melee attacks
   (+2).
   It greatly protects you from cold.
 B - a +1 helmet of see invisible (worn)
 H - a scarf of repulsion (worn)
 J - a +0 pair of gloves (worn)
Jewellery
 l - an uncursed ring of wizardry
 r - an uncursed amulet of guardian spirit
 s - an uncursed amulet of faith
 C - the ring of Botecub (right hand) {rElec rPois rF+ Int+2 Stlth+}
   (You found it on level 9 of the Dungeon)

   [ring of protection from fire]

   It affects your intelligence (+2).
   It protects you from fire.
   It insulates you from electricity.
   It protects you from poison.
   It makes you more stealthy.
 K - a +6 ring of intelligence (left hand)
 Y - an amulet of reflection (around neck)
Wands
 j - a wand of paralysis (3)
 q - a wand of polymorph (33)
 x - a wand of acid (13)
 y - a wand of enslavement (8)
 O - a wand of digging (7)
 S - a wand of iceblast (17)
 X - a wand of flame (29)
Scrolls
 a - 2 scrolls of identify
 c - 6 scrolls of fear
 e - 4 scrolls of amnesia
 g - 12 scrolls of remove curse
 k - 9 scrolls of teleportation
 n - 3 scrolls of silence
 w - 3 scrolls of magic mapping
 F - a scroll of holy word
 G - a scroll of enchant armour
 I - 5 scrolls of blinking
 L - a scroll of brand weapon
 N - 4 scrolls of fog
 R - 2 scrolls of torment
 U - a scroll of summoning
 W - 2 scrolls of enchant weapon
Potions
 b - 11 potions of curing
 h - 2 potions of haste
 i - 3 potions of invisibility
 m - 8 potions of attraction
 p - 6 potions of brilliance
 t - 5 potions of resistance
 u - 2 potions of lignification
 v - a potion of heal wounds
 z - 5 potions of berserk rage
 D - 5 potions of flight
 M - 6 potions of might
 Q - 2 potions of mutation
 T - 3 potions of ambrosia
 V - 3 potions of magic
Miscellaneous
 E - a condenser vane


   Skills:
 - Level 6.0 Fighting
 - Level 2.1 Dodging
 - Level 1.7 Stealth
 - Level 4.0 Shields
 - Level 12.0 Spellcasting
 - Level 12.0 Conjurations
 + Level 12.8 Necromancy
 + Level 14.7 Transmutations
 - Level 9.3 Fire Magic
 - Level 12.0 Earth Magic


You had 4 spell levels left.
You knew the following spells:

 Your Spells              Type           Power        Failure   Level
a - Pain                  Necr           100%         0%          1
b - Vampiric Draining     Necr           39%          1%          3
c - Animate Dead          Necr           39%          1%          4
d - Sublimation of Blood  Necr           39%          1%          2
e - Stone Arrow           Conj/Erth      100%         1%          3
f - Dispel Undead         Necr           78%          1%          4
g - Bolt of Magma         Conj/Fire/Erth 36%          1%          5
h - Statue Form           Tmut/Erth      52%          1%          6
i - Borgnjor's Vile Clut  Necr/Erth      38%          1%          5
j - Swiftness             Air            18%          4%          2

Your spell library contained the following spells:

 Spells                   Type           Power        Failure   Level
 Animate Skeleton         Necr           100%         0%          1
 Beastly Appendage        Tmut           100%         0%          1
 Passwall                 Tmut/Erth      65%          0%          2
 Wereblood                Tmut           83%          0%          2
 Sandblast                Erth           100%         1%          1
 Shock                    Conj/Air       100%         1%          1
 Dazzling Flash           Conj/Hex       100%         1%          3
 Spider Form              Tmut/Pois      29%          1%          3
 Static Discharge         Conj/Air       54%          1%          3
 Ice Form                 Ice/Tmut       59%          1%          4
 Petrify                  Tmut/Erth      79%          1%          4
 Corona                   Hex            20%          2%          1
 Fulminant Prism          Conj/Hex       27%          2%          4
 Ensorcelled Hibernation  Hex/Ice        36%          4%          2
 Confusing Touch          Hex            18%          8%          3
 Ozocubu's Armour         Ice            18%          8%          3
 Portal Projectile        Hex/Tloc       36%          8%          3
 Tukima's Dance           Hex            18%          8%          3
 Airstrike                Air            9%           26%         4
 Agony                    Necr           78%          1%          5
 Blade Hands              Tmut           41%          1%          5
 Excruciating Wounds      Necr           39%          1%          5
 Irradiate                Conj/Tmut      39%          1%          5
 Iskenderun's Battlesphe  Conj           75%          1%          5
 Lee's Rapid Deconstruct  Erth           37%          1%          5
 Hydra Form               Tmut           41%          1%          6
 Death Channel            Necr           39%          2%          6
 Iron Shot                Conj/Erth      37%          3%          6
 Dragon Form              Tmut           41%          5%          7
 Lightning Bolt           Conj/Air       27%          6%          5
 Orb of Destruction       Conj           37%          16%         7
 Simulacrum               Ice/Necr       27%          30%         6
 Necromutation            Tmut/Necr      40%          52%         8
 Metabolic Englaciation   Hex/Ice        9%           58%         5
 Silence                  Hex/Air        9%           58%         5
 Freezing Cloud           Conj/Ice/Air   21%          61%         6
 Borgnjor's Revivificati  Necr           39%          67%         8
 Infestation              Necr           39%          67%         8
 Haunt                    Necr/Summ      27%          86%         7
 Spellforged Servitor     Conj/Summ      27%          88%         7
 Ozocubu's Refrigeration  Ice            9%           99%         6
 Shadow Creatures         Summ           N/A          99%         6
 Death's Door             Necr           39%          100%        9


Dungeon Overview and Level Annotations

Branches:
Dungeon (15/15)            Temple (1/1) D:5            Lair (6/6) D:8
  Swamp (2/4) Lair:4        Snake (0/4) Lair:4        Slime (0/5) Lair:6
    Orc (2/2) D:11            Elf (0/3) Orc:2        Vaults (0/5) D:13
 Depths (0/5) D:15         Bailey (visited)           IceCv (visited)

Altars:
Ashenzari
Cheibriados
Dithmenos
Elyvilon
Fedhas
Gozag
Hepliaklqana
Kikubaaqudgha
Makhleb
Nemelex Xobeh
Okawaru
Qazlal
Ru
Sif Muna
Trog
Uskayaw
Vehumet
Wu Jian
Xom
Yredelemnul
Zin
The Shining One
Jiyva

Shops:
D:7 [   D:8 (   D:9 ?   D:11 =[(   Orc:1 *(   Orc:2 [*[!

Annotations:
D:14 2 runed translucent doors, Cofimnas's ghost, journeyman FoFi
D:15 exclusion: door
Orc:1 2 transporters, 1 runed translucent door


Innate Abilities, Weirdness & Mutations

You can be seen from farther away. (+LOS)
You can swim through water.
You cover ground slowly.
You can hop long distances.
You are very agile. (Dex +4)
You are frail. (-10% HP)
You are strong-willed. (Will+)
You evolve.
Potions are less effective at restoring your health.


Message History

You miss the hornet.
The hornet is severely wounded.
You block the hornet's attack. The hornet closely misses you.
Evoke which item? (* to show all) (? for menu, Esc to quit)
Aiming: Throw Flame
Press: ? - help, Shift-Dir - straight line, f/p - hornet
Aim: a hornet (severely wounded, 48% to evade)
The puff of flame hits the hornet.
The hornet is severely wounded.
The hornet stings you!
* * * LOW HITPOINT WARNING * * *
You suddenly lose the ability to move!
The hornet stings you!
* * * LOW HITPOINT WARNING * * *
You shrug off the repeated paralysis!
The hornet stings you.
* * * LOW HITPOINT WARNING * * *
You feel yourself slow down. The hornet stings you.
You die...
Kikubaaqudgha rasps: "You have failed me!
Welcome... death!"

♣..♣...≈.....≈♣≈≈.≈≈§≈♣.♣♣
♣♣...≈♣≈♣.♣♣♣...≈≈≈≈≈...
♣...≈≈≈≈.♣♣♣♣≈≈≈≈.≈≈≈≈.
♣♣..≈...........≈≈≈≈.≈♣
♣♣≈.≈≈≈.§§...>.≈♣≈≈>.
♣♣..≈≈≈....≈♣≈♣≈≈..
♣♣..≈......≈≈≈.
♣..≈[..####### ♣<♣♣≈≈@#
♣.♣♣≈..y# ♣.♣ ♣♣.≈.# ...♣
♣ ≈♣ ♣♣ ♣♣≈..)####.≈#♣.≈≈≈
♣≈≈..)♣....... ≈.♣
♣♣.≈..≈.§≈....≈≈#.
♣.....§..≈.§≈≈♣.. ..
♣♣.≈..≈..≈.≈≈...# ..
♣..≈≈......§..♣.##.###


You could see a hornet.

Vanquished Creatures
  The ghost of DocSulfur the Severer, an adept DDHu of Makhleb (Orc:2)
  Kirke (Swamp:1)
  2 thorn hunters
  The ghost of OdinFK the Destroyer, a journeyman OpFE of Sif Muna (D:11)
  Nessos (D:13)
  A bunyip (Swamp:2)
  A minotaur (Orc:2)
  An eleionoma (Swamp:2)
  A fire dragon (Lair:6)
  2 boulder beetles
  A rakshasa (D:15)
  8 hydras
  Erica (Orc:1)
  A centaur warrior (D:13)
  A tengu warrior (D:15)
  7 alligators
  4 two-headed ogres
  8 death yaks
  Urug (Lair:4)
  Nergalle (D:10)
  2 goliath frogs (Swamp:1)
  2 unseen horrors
  4 bog bodies
  2 spriggan druids
  A wizard (D:15)
  A necromancer (D:13)
  2 lindwurms
  A lindwurm (shapeshifter) (D:15)
  8 orc knights
  10 ugly things
  A deep elf mage (D:13)
  A will-o-the-wisp (Swamp:2)
  An oklob plant (Lair:4)
  2 manticores
  2 orc sorcerers
  4 cyclopes
  8 elephants
  2 ice statues (IceCv)
  4 black mambas
  Joseph (D:10)
  A guardian serpent (D:12)
  12 cane toads
  2 molten gargoyles (Lair:6)
  5 gargoyles
  13 komodo dragons
  A freezing wraith (D:14)
  7 ice devils (IceCv)
  3 kobold demonologists
  A tengu conjurer (D:15)
  3 rime drakes
  A troll (shapeshifter) (D:13)
  6 trolls
  3 polar bears
  A tyrant leech (Swamp:1)
  8 blink frogs
  4 hornets
  2 water elementals (D:12)
  5 spriggans
  Sigmund (D:5)
  63 yaks
  A vampire (D:13)
  4 hogs (Swamp:1)
  5 wyverns
  8 basilisks
  2 steam dragons
  11 vampire mosquitoes
  4 wargs
  12 swamp worms
  2 acid dragons
  6 nagas (Lair:4)
  29 water moccasins
  2 hell hounds (Lair:6)
  48 orc warriors
  A sky beast (D:11)
  2 black bears
  3 ice beasts
  3 phantoms
  7 ogres
  4 necrophages
  45 wolves
  25 centaurs
  9 big kobolds
  8 bullfrogs
  2 water moccasin zombies (D:7)
  2 water moccasin skeletons
  2 wyvern skeletons
  5 scorpions
  4 killer bees (D:13)
  30 wights
  10 electric eels
  4 howler monkeys
  A quasit (D:7)
  5 lava snakes (Lair:6)
  7 jellies
  A bullfrog zombie (D:13)
  5 centaur zombies
  5 hounds
  4 bullfrog skeletons
  14 orc priests
  3 centaur skeletons
  8 iguanas
  11 orc wizards
  8 worker ants
  9 hell rats
  2 hound skeletons
  A mummy (D:7)
  2 worker ant zombies
  20 adders
  9 gnolls
  9 river rats (Lair:6)
  A shadow imp (D:6)
  8 white imps (IceCv)
  10 ufetubi
  18 oozes (Lair:4)
  2 adder zombies
  A worm (D:2)
  2 dart slugs
  3 leopard geckos
  84 orcs
  7 bats
  6 giant cockroaches
  19 goblins
  11 hobgoblins
  6 jackals (D:6)
  29 kobolds
  6 quokkas
  A ball python (D:7)
  6 frilled lizards
  A leopard gecko skeleton (D:8)
  9 rats
900 creatures vanquished.

Vanquished Creatures (collateral kills)
  A howler monkey (D:8)
  A bullfrog skeleton (D:7)
  2 orc priests (D:8)
  A mummy (D:7)
5 creatures vanquished.

Vanquished Creatures (others)
  A reaper (IceCv)
  2 humans (Swamp:1)
  A hell hound (Lair:6)
  2 white imps (IceCv)
  3 ufetubi (IceCv)
  A bush (Lair:5)
  10 foxfires (Swamp:2)
  52 fungi
  69 plants
  11 withered plants (D:7)
152 creatures vanquished.

Grand Total: 1057 creatures vanquished

Notes
Turn   | Place    | Note
-------+----------+-------------------------------------------
     0 | D:1      | Kejsarherre the Barachi Necromancer began the quest for the
                  | Orb.
     0 | D:1      | Reached XP level 1. HP: 13/13 MP: 3/3
   445 | D:1      | Reached skill level 1 in Fighting
   526 | D:1      | Reached XP level 2. HP: 21/21 MP: 5/5
  1580 | D:2      | Found a stormy altar of Qazlal.
  1680 | D:2      | Reached XP level 3. HP: 25/27 MP: 3/6
  1759 | D:2      | Reached skill level 1 in Shields
  1839 | D:2      | Reached XP level 4. HP: 31/33 MP: 4/7
  1876 | D:2      | Learned a level 3 spell: Vampiric Draining
  2475 | D:2      | Found a broken altar of Ashenzari.
  2869 | D:3      | Reached XP level 5. HP: 37/38 MP: 8/8
  3443 | D:3      | Gained mutation: You do not regenerate when monsters are
                  | visible. [potion of mutation]
  3443 | D:3      | Gained mutation: You are strong-willed. (Will+) [potion of
                  | mutation]
  3696 | D:4      | Noticed an ogre
  3711 | D:4      | Killed an ogre
  3712 | D:4      | Reached XP level 6. HP: 37/44 MP: 4/12
  3790 | D:4      | Noticed a phantom
  3829 | D:4      | Killed a phantom
  3830 | D:4      | Reached skill level 5 in Spellcasting
  4359 | D:4      | Reached XP level 7. HP: 40/50 MP: 7/15
  4716 | D:4      | Found a shimmering altar of Xom.
  4719 | D:4      | Found a hazy altar of Hepliaklqana.
  4720 | D:4      | Found a hide-covered altar of Uskayaw.
  4796 | D:5      | Entered Level 5 of the Dungeon
  5251 | D:5      | Reached XP level 8. HP: 57/60 MP: 14/17
  5378 | D:5      | Noticed Sigmund
  5393 | D:5      | Killed Sigmund
  5528 | D:5      | Found a staircase to the Ecumenical Temple.
  5614 | D:5      | Reached skill level 5 in Necromancy
  5874 | D:5      | Found an ornate altar of the Wu Jian Council.
  6145 | Temple   | Entered the Ecumenical Temple
  6204 | Temple   | Became a worshipper of Kikubaaqudgha
  6284 | D:6      | Reached skill level 5 in Fighting
  6465 | D:6      | Found a sparkling altar of Nemelex Xobeh.
  6849 | D:7      | Found Wewiupp's Armour Shoppe.
  6875 | D:7      | Learned a level 4 spell: Animate Dead
  7127 | D:7      | Identified the +2 buckler "Letisyih" {rC++ Slay+2}
  7328 | D:7      | Reached XP level 9. HP: 45/68 MP: 15/20
  7903 | D:7      | Reached * piety under Kikubaaqudgha
  7903 | D:7      | Identified Kikubaaqudgha's Collected Works on Sinister Arts
                  | (Kikubaaqudgha gifted it to you on level 7 of the Dungeon)
  7903 | D:7      | Received a gift from Kikubaaqudgha
  7913 | D:7      | Learned a level 2 spell: Sublimation of Blood
  8875 | D:7      | Bought a scarf of resistance for 448 gold pieces
  8979 | D:8      | Found Keefrifi's Antique Weapon Boutique.
  9024 | D:8      | Found a staircase to the Lair.
  9324 | D:7      | Reached XP level 10. HP: 43/76 MP: 9/21
  9811 | D:8      | Reached skill level 10 in Necromancy
 10229 | D:8      | Reached ** piety under Kikubaaqudgha
 10528 | D:9      | Got a glittering steel ring
 10530 | D:9      | Identified the ring of Botecub {rElec rPois rF+ Int+2
                  | Stlth+} (You found it on level 9 of the Dungeon)
 10676 | D:9      | Found Wat Xoge's Magic Scroll Boutique.
 11239 | D:10     | Entered Level 10 of the Dungeon
 11296 | D:10     | Learned a level 3 spell: Stone Arrow
 11398 | D:10     | Noticed an unseen horror
 11414 | D:10     | Killed an unseen horror
 11832 | D:10     | Noticed Nergalle
 11842 | D:10     | Killed Nergalle
 12133 | D:10     | Noticed Joseph
 12178 | D:10     | Killed Joseph
 12568 | D:11     | Found Doupit's Armour Shop.
 12570 | D:11     | Found a staircase to the Orcish Mines.
 12570 | D:11     | Found Famp's Weapon Shop.
 12571 | D:11     | Noticed an orc knight
 12573 | D:11     | Reached skill level 5 in Conjurations
 12601 | D:11     | Killed an orc knight
 12602 | D:11     | Reached skill level 5 in Earth Magic
 12602 | D:11     | Reached XP level 11. HP: 51/81 MP: 2/22
 12843 | D:11     | Bought a +0 pair of gloves for 54 gold pieces
 13275 | D:11     | Found Ynuer's Jewellery Boutique.
 13425 | D:11     | Noticed OdinFK's ghost (journeyman OpFE)
 13428 | D:11     | Found a runed translucent door.
 13458 | D:11     | Noticed a manticore
 13473 | D:11     | Killed a manticore
 14479 | D:12     | Noticed a cyclops
 14481 | D:12     | Killed a cyclops
 14594 | D:12     | Noticed a seven-headed hydra
 14595 | D:12     | Reached *** piety under Kikubaaqudgha
 14595 | D:12     | Identified Kikubaaqudgha's Catalogue of Unholy Secrets
                  | (Kikubaaqudgha gifted it to you on level 12 of the Dungeon)
 14595 | D:12     | Received a gift from Kikubaaqudgha
 14605 | D:11     | Killed a seven-headed hydra
 14718 | D:12     | Learned a level 4 spell: Dispel Undead
 15129 | D:12     | Noticed a two-headed ogre
 15134 | D:12     | Noticed a red ugly thing
 15252 | D:12     | Killed a red ugly thing
 15316 | D:12     | Reached skill level 10 in Spellcasting
 15701 | D:12     | Learned a level 5 spell: Bolt of Magma
 15824 | D:12     | Reached skill level 1 in Fire Magic
 15839 | D:12     | Reached **** piety under Kikubaaqudgha
 15912 | D:12     | Reached XP level 12. HP: 35/88 MP: 3/26
 16288 | D:12     | Noticed a two-headed ogre
 16301 | D:12     | Killed a two-headed ogre
 16610 | D:12     | Killed a two-headed ogre
 16611 | D:12     | Reached skill level 5 in Fire Magic
 17086 | D:13     | Noticed a two-headed ogre
 17091 | D:13     | Killed a two-headed ogre
 17102 | D:13     | Found a gate to the Vaults.
 17312 | D:13     | Noticed a centaur warrior
 17316 | D:13     | Killed a centaur warrior
 17318 | D:13     | Reached skill level 10 in Conjurations
 17593 | D:13     | Reached ***** piety under Kikubaaqudgha
 17901 | D:13     | Noticed Nessos
 17906 | D:13     | Killed Nessos
 18115 | D:11     | Killed OdinFK's ghost
 18116 | D:11     | Gained mutation: You can hop long distances. [Barachi
                  | growth]
 18116 | D:11     | Reached XP level 13. HP: 62/93 MP: 14/28
 18517 | D:14     | Found a white marble altar of Elyvilon.
 18950 | D:14     | Found a large runed translucent door.
 18950 | D:14     | Found a large runed translucent door.
 18952 | D:14     | Noticed Cofimnas's ghost (journeyman FoFi)
 19574 | D:15     | Entered Level 15 of the Dungeon
 19925 | D:15     | Noticed a rakshasa
 19928 | D:15     | Killed a rakshasa
 21385 | D:15     | Found a staircase to the Depths.
 21385 | D:15     | Noticed a yaktaur captain
 22065 | D:9      | Bought a scroll of acquirement for 624 gold pieces
 22071 | D:9      | Acquired a book of Transfigurations
 22085 | D:9      | Learned a level 6 spell: Statue Form
 22423 | Lair:1   | Entered Level 1 of the Lair of Beasts
 22435 | Lair:1   | Reached skill level 1 in Transmutations
 22798 | Lair:1   | Reached ****** piety under Kikubaaqudgha
 22799 | Lair:1   | Reached XP level 14. HP: 89/100 MP: 13/30
 22801 | Lair:1   | Reached skill level 2 in Transmutations
 23239 | Lair:1   | Acquired a book of Dreams
 23248 | Lair:1   | Learned a level 5 spell: Borgnjor's Vile Clutch
 23367 | Lair:1   | Reached skill level 3 in Transmutations
 23503 | Lair:1   | Learned a level 2 spell: Swiftness
 23558 | Lair:1   | Reached skill level 4 in Transmutations
 24341 | Lair:2   | Reached skill level 5 in Transmutations
 25626 | Lair:3   | Reached skill level 6 in Transmutations
 25640 | Lair:3   | Reached skill level 10 in Earth Magic
 25785 | Lair:3   | Identified Namao's Tome of Cloudy Hexes
 25923 | Lair:3   | Reached skill level 7 in Transmutations
 26502 | Lair:3   | Got a polished dagger
 26503 | Lair:3   | Identified the cursed +3 dagger "Geilim" {vorpal, rElec
                  | Str+5 SInv} (You found it on level 3 of the Lair of Beasts)
 26830 | Lair:4   | Received a gift from Kikubaaqudgha
 26963 | Lair:4   | Found a staircase to the Snake Pit.
 27364 | Lair:4   | Reached skill level 8 in Transmutations
 28351 | Lair:4   | Found a staircase to the Swamp.
 28366 | Lair:4   | Noticed Urug
 28579 | Lair:4   | Killed Urug
 28580 | Lair:4   | Reached skill level 9 in Transmutations
 29375 | Lair:5   | Found a frozen archway.
 29383 | IceCv    | Entered an ice cave
 29473 | IceCv    | Killed a reaper
 29971 | IceCv    | Reached XP level 15. HP: 69/105 MP: 11/31
 30486 | Lair:5   | Reached skill level 10 in Transmutations
 31158 | Lair:5   | Lost mutation: You are strong-willed. (Will+) [potion of
                  | mutation]
 31158 | Lair:5   | Lost mutation: You do not regenerate when monsters are
                  | visible. [potion of mutation]
 31158 | Lair:5   | Gained mutation: You are agile. (Dex +2) [potion of
                  | mutation]
 31158 | Lair:5   | Gained mutation: You evolve. [potion of mutation]
 31158 | Lair:5   | Gained mutation: You are very agile. (Dex +4) [potion of
                  | mutation]
 31659 | Lair:5   | Reached skill level 11 in Transmutations
 32020 | Lair:6   | Entered Level 6 of the Lair of Beasts
 33422 | Lair:6   | Gained mutation: Potions are less effective at restoring
                  | your health. [evolution]
 33529 | Lair:6   | Reached skill level 12 in Transmutations
 34504 | Lair:6   | Found a viscous altar of Jiyva.
 34505 | Lair:6   | Found a staircase to the Slime Pits.
 34804 | Lair:6   | Found a large runed translucent door.
 34990 | Lair:6   | Found a large runed translucent door.
 35363 | Lair:6   | Got a shimmering quarterstaff
 35945 | Orc:1    | Entered Level 1 of the Orcish Mines
 35945 | Orc:1    | Noticed Erica
 35948 | Orc:1    | Killed Erica
 36190 | Orc:1    | Found a flagged portal.
 36205 | Bailey   | Entered a bailey
 36547 | Bailey   | Acquired 384 gold pieces
 36611 | Bailey   | Found an iron altar of Okawaru.
 36613 | Bailey   | Gained mutation: You are frail. (-10% HP) [a neqoxec]
 37166 | Bailey   | Got a smoking plate armour
 37188 | Orc:1    | Found Lmpaliff's Luxury Loot.
 37188 | Orc:1    | Found Fugrick's Antique Weapon Emporium.
 37435 | Orc:1    | Found a transporter.
 37745 | Orc:1    | Found a bloodstained altar of Trog.
 37746 | Orc:1    | Found the +8 Wrath of Trog {antimagic, *Rage}
 37746 | Orc:1    | Found a runed translucent door.
 37815 | Orc:1    | Found a transporter.
 37837 | Orc:2    | Entered Level 2 of the Orcish Mines
 38044 | D:11     | Bought an uncursed amulet of reflection for 420 gold pieces
 38127 | Orc:2    | Reached skill level 13 in Transmutations
 38646 | Orc:2    | Reached XP level 16. HP: 99/99 MP: 22/32
 38760 | Orc:2    | Found a staircase to the Elven Halls.
 38796 | Orc:2    | Found a runed translucent gate.
 38796 | Orc:2    | Found a runed translucent gate.
 38796 | Orc:2    | Found a runed translucent gate.
 39285 | Orc:2    | Found Cean's Armour Shop.
 39286 | Orc:2    | Found Lait's Armour Emporium.
 39286 | Orc:2    | Found Deefahun's Assorted Antiques.
 39289 | Orc:2    | Found Ixkug's Distillery.
 39306 | Orc:2    | Bought a sheer robe for 188 gold pieces
 39306 | Orc:2    | Bought a scroll of identify for 66 gold pieces
 39323 | Orc:2    | Identified the cursed +0 plate armour of Noon {Will+ Str+4}
                  | (You found it in a bailey)
 39338 | Orc:2    | Identified the cursed +1 robe of Ru's Supremacy {+Fly rElec
                  | Regen+ MP-9} (You bought it in a shop on level 2 of the
                  | Orcish Mines)
 39359 | Orc:2    | Identified the +8 quarterstaff "Udemep" {vorpal, Int+4}
                  | (You found it on level 6 of the Lair of Beasts)
 40020 | Orc:2    | Noticed DocSulfur's ghost (adept DDHu)
 40431 | Orc:2    | Killed DocSulfur's ghost
 40496 | Orc:2    | Identified Piukoph's Compendium of the Damaging Snowflakes
 40730 | Swamp:1  | Entered Level 1 of the Swamp
 40730 | Swamp:1  | Noticed a thorn hunter
 40865 | Swamp:1  | Killed a thorn hunter
 41227 | Swamp:1  | Reached skill level 14 in Transmutations
 41354 | Swamp:1  | Noticed Kirke
 41363 | Swamp:1  | Killed Kirke
 42186 | Swamp:2  | Noticed a thorn hunter
 42260 | Swamp:2  | Killed a thorn hunter
 42980 | Swamp:2  | Gained mutation: You are strong-willed. (Will+) [evolution]
 43005 | Swamp:2  | Paralysed by a hornet for 3 turns
 43006 | Swamp:2  | HP: 1/99 [hornet (6)]
 43007 | Swamp:2  | Slain by a hornet

Illustrated notes

Levels and vault maps discovered:
D:1:      moated_graveyard_arrival, layout_basic
D:2:      minmay_recursive_quarters, layout_basic, lemuel_round_altar,
          grunt_qazlal_clouds
D:3:      layout_loops_ring
D:4:      layout_basic, gammafunk_temple_overflow_forgotten
D:5:      layout_loops_corners, lemuel_coloured_pillars_altar, temple_fountains,
          uniq_sigmund
D:6:      layout_cave_pools, nemelex_xobeh_ov_fountains_minmay
D:7:      layout_rooms, serial_shops, shop, serial_undead, serial_undead_d,
          serial_undead_a, serial_undead_b, serial_undead_b, serial_undead_d,
          serial_undead_b, worms_lemuel
D:8:      layout_loops_cross, erik_lair_orcish_takeover, serial_shops, shop
D:9:      layout_grid_maze, serial_shops, nicolae_shop_waterfront
D:10:     layout_gridville, uniq_joseph, uniq_nergalle
D:11:     layout_layer_cave, orc_david_3, hellmonk_ghost_happy_afterlife,
          serial_shops, shop, palyth_stone_intersect, minmay_crystal_water
D:12:     layout_basic, nrook_guardian_serpent_ordinary
D:13:     layout_roguey, david_vaults_1, uniq_nessos
D:14:     layout_gridville, ebering_ghost_disaster_area, elyvilon_altar_5
D:15:     grunt_enter_depths_snipers, layout_basic, grunt_decor_arrowhead,
          minmay_fractal_squares_5
Temple:   nicolae_temple_elliptical
Lair:1:   lemuel_reptile_caves, layout_chaotic_city, grunt_megastairs_5
Lair:2:   layout_cellular_growth, nzn_sisyphean_effort,
          infiniplex_staircase_pool, lemuel_fruit_fields
Lair:3:   layout_cave_pods, lemuel_fruit_fields
Lair:4:   lemuel_slime, layout_gridlike, skrybe_swamp_entry_bodies,
          minmay_snake_entry_guardpost_medium, grunt_forest_large_clearings,
          lemuel_fruit_fields, uniq_urug
Lair:5:   layout_regular_city, portal_ice_cave_rime,
          infiniplex_staircase_pool_2, serial_bayou_shore_a, grunt_megastairs_2,
          lemuel_fruit_fields
Lair:6:   cheibrodos_lair_end_hotspot, layout_cellular_growth, slime_altar_1,
          st_stairs_11, kennysheep_rathole
Swamp:1:  layout_falls_marsh, evilmike_swamp_ruin_house_3, uniq_kirke
Swamp:2:  layout_falls_marsh, evilmike_swamp_ruin_house_6
Orc:1:    emtedronai_trogs_sanctum, layout_caves, serial_shops, shop,
          enter_bailey_3, nicolae_alphabet_shops, uniq_erica
Orc:2:    st_orc_rangers, layout_caves, maelrawn_ghost_gauntlet_escape

Skill      XL: |  1  2  3  4  5  6  7  8  9 10 11 12 13 14 15 16 |
---------------+-------------------------------------------------+-----
Fighting       | 1 2 3 6 |  6.0
Shields        | 2 3 4 |  4.0
Spellcasting   | 4 5 6 7 10 11 12 | 12.0
Necromancy     | 4 6 9 10 11 12 | 12.8
Conjurations   | 5 7 10 11 12 | 12.0
Earth Magic    | 5 6 7 9 11 12 | 12.0
Fire Magic     | 2 7 9 |  9.3
Transmutations | 1 9 13 14 | 14.7
Dodging        | |  2.1
Stealth        | |  1.7

Action                   |  1- 3 |  4- 6 |  7- 9 | 10-12 | 13-15 | 16-18 || total
-------------------------+-------+-------+-------+-------+-------+-------++-------
Melee: Hand axe          |    39 |   152 |   165 |   262 |   141 |       ||   759
       Mace              |       |       |   103 |       |       |       ||   103
       Dagger            |       |       |       |       |   154 |       ||   154
       Demon whip        |       |       |       |       |   122 |    31 ||   153
 Cast: Pain              |    30 |    31 |    51 |    33 |       |       ||   145
       Vampiric Draining |       |     4 |    36 |    35 |    26 |     1 ||   102
       Animate Dead      |       |       |     9 |     3 |       |       ||    12
       Stone Arrow       |       |       |       |   138 |   256 |    61 ||   455
       Sublimation of Bl |       |       |       |    15 |    35 |     2 ||    52
       Dispel Undead     |       |       |       |    22 |    18 |     8 ||    48
       Bolt of Magma     |       |       |       |    27 |   153 |    35 ||   215
       Borgnjor's Vile C |       |       |       |       |   164 |    32 ||   196
       Swiftness         |       |       |       |       |     1 |       ||     1
       Statue Form       |       |       |       |       |     1 |     8 ||     9
Invok: Receive Corpses   |       |       |       |     1 |       |       ||     1
       Receive Necronomi |       |       |       |       |     1 |       ||     1
 Abil: Hop               |     2 |     1 |     2 |     3 |     7 |     4 ||    19
Evoke: Wand              |       |       |    15 |     7 |     1 |     1 ||    24
       Condenser vane    |       |       |       |     1 |       |       ||     1
  Use: Potion            |     1 |     1 |       |     1 |     3 |       ||     6
       Scroll            |       |     8 |    10 |     4 |    19 |     2 ||    43
 Stab: Sleeping          |     4 |     1 |     2 |     5 |     3 |       ||    15
       Paralysed         |       |       |     6 |    12 |     3 |       ||    21
Armor: Robe              |     8 |    41 |    98 |    64 |   157 |     9 ||   377
       Skin              |       |       |       |       |     2 |    48 ||    50
Dodge: Dodged            |    31 |   110 |   193 |   163 |   446 |   108 ||  1051
       Repelled          |       |       |       |       |    20 |     4 ||    24
Block: Buckler           |     4 |    47 |   110 |   104 |   310 |   134 ||   709
       Reflection        |       |       |       |       |    29 |    37 ||    66
